 Dungeon Crawl Stone Soup version 0.27-a0-931-g5a74e75d8f (webtiles) character file.

Game seed: 2436304777523432464

8 Alarkh the Insei (level 2, 5/22 HPs)
             Began as a Demonspawn Gladiator on Apr 10, 2021.
             Got out of the dungeon alive.
             The game lasted 00:00:16 (147 turns).

Alarkh the Insei (Demonspawn Gladiator)              Turns: 147, Time: 00:00:16

Health: 5/22       AC:  6    Str: 14    XL:     2   Next: 0%
Magic:  2/2        EV: 12    Int:  9    God:
Gold:   0          SH:  0    Dex: 14    Spells: 1/1 levels left

rFire    . . .     SeeInvis .     - Unarmed
rCold    . . .     Faith    .   (no shield)
rNeg     . . .     Spirit   .   a - +0 leather armour
rPois    .         Reflect  .   b - +0 helmet
rElec    .         Harm     .   (no cloak)
rCorr    .         Rampage  .   (no gloves)
Will     .....                  (no boots)
Stlth    +.........             (no amulet)
HPRegen  0.07/turn              (no ring)
MPRegen  0.08/turn              (no ring)

@: no status effects
A: slimy green scales 1
a: no special abilities


You escaped.
You visited 1 branch of the dungeon, and saw 1 of its levels.

Inventory:

Missiles
 c - 3 throwing nets (quivered)
Armour
 a - a +0 leather armour (worn)
 b - a +0 helmet (worn)


   Skills:
 + Level 2.2 Fighting
 - Level 1.7 Throwing
 - Level 2.6 Dodging
 * Level 3.0 Unarmed Combat


You had one spell level left.
You didn't know any spells.
Your spell library was empty.

Dungeon Overview and Level Annotations

Branches:
Dungeon (1/15)

Altars:


Innate Abilities, Weirdness & Mutations

You are partially covered in slimy green scales. (AC +2)


Message History

You hit the frilled lizard but do no damage.
The frilled lizard barely misses you.
You miss the goblin. The goblin hits you with a +0 dagger.
The frilled lizard misses you.
You are too injured to fight recklessly!
You are too injured to fight recklessly!
You are too injured to fight recklessly!
You are too injured to fight recklessly!
You are too injured to fight recklessly!
You are too injured to fight recklessly!
You are too injured to fight recklessly!
You are too injured to fight recklessly!
There are monsters nearby!
You closely miss the goblin. The goblin barely misses you.
You barely miss the goblin. The goblin closely misses you.
You barely miss the goblin. The goblin hits you with a +0 dagger.
* * * LOW HITPOINT WARNING * * *
You hit the goblin.
You kill the goblin!
You miss the frilled lizard. The frilled lizard bites you.
* * * LOW HITPOINT WARNING * * *
You closely miss the frilled lizard. The frilled lizard closely misses you.
You closely miss the frilled lizard. The frilled lizard misses you.
You completely miss the frilled lizard. The frilled lizard closely misses you.
You hit the frilled lizard.
The frilled lizard is moderately wounded.
The frilled lizard misses you.
You hit the frilled lizard.
You kill the frilled lizard!
You have reached level 2!
Your demonic ancestry asserts itself...
Slimy green scales grow over part of your body.
Unknown command.
Things that are here:
a +0 club; a +0 dagger; a goblin corpse You see here a bat corpse.
There is a large open door here.
There is a staircase leading out of the dungeon here.
Are you sure you want to leave the Dungeon?
This will make you lose the game!
You have escaped!

.. .## ... ##########
###.. #8...@..8#
.?.### #§......§# #..
.##
#§......§######)##..##
#≈......≈#........#...
#≈..88..§######.#.....
#≈......§# #)######
#≈......≈# #..##
#≈......§# ##..#
#8.....§8# ##.#


There were no monsters in sight!

Vanquished Creatures
  An endoplasm (D:1)
  A bat (D:1)
  A frilled lizard (D:1)
  4 goblins (D:1)
  A kobold (D:1)
8 creatures vanquished.

Notes
Turn   | Place    | Note
-------+----------+-------------------------------------------
     0 | D:1      | Alarkh the Demonspawn Gladiator began the quest for the
                  | Orb.
     0 | D:1      | Reached XP level 1. HP: 16/16 MP: 1/1
    87 | D:1      | Reached skill level 3 in Unarmed Combat
   112 | D:1      | Gained mutation: You are partially covered in slimy green
                  | scales. (AC +2) [demonic ancestry]
   112 | D:1      | Reached XP level 2. HP: 3/22 MP: 2/2
   147 | D:$      | Got out of the dungeon alive.

Illustrated notes

Levels and vault maps discovered:
D:1:      lightli_arrival_noodles, layout_rooms,
          shapermc_ecumenical_altar_mp_ritualfount, glass_columns_a,
          roderic_roman_lattice, serial_bayou_lagoon_b

Skill      XL: |  1 |
---------------+----+-----
Unarmed Combat | 3 |  3.0
Fighting       | |  2.2
Throwing       | |  1.7
Dodging        | |  2.6

Action                   || total
-------------------------++-------
Melee: Unarmed           ||    25
Armor: Leather armour    ||     3
Dodge: Dodged            ||    12

Table legend: (Time is in decaauts)
 A = Elapsed time spent in this place.
 B = Non-inter-level travel time spent in this place.
 C = Inter-level travel time spent in this place.
 D = Time resting spent in this place.
 E = Time spent auto-exploring this place.
 F = Levels seen in this place.
 G = Mean time per level.
                   A        B        C        D        E       F      G
               +--------+--------+--------+--------+--------+-----+--------+
         Total |    146 |    112 |     34 |      0 |     61 |   1 |  146.0 |
       Dungeon |    146 |    112 |     34 |      0 |     61 |   1 |  146.0 |
               +--------+--------+--------+--------+--------+-----+--------+

Top non-repeatable levels by time:
     D:1: 146 daAuts
